Map: Terraform LE (Void)

Players

YamiRi

  • Race: Protoss Protoss
  • League: Grandmaster

HzVee - Winner!

  • Race: Terran Terran
  • League: Grandmaster

VOD

Have the link to the VOD?

Description

Time

  • Played on: Sept. 23, 2015, 6:26 a.m.
  • Length: 11:21
Show
View Real Time Build Order
Export as new Build Order

YamiRi Protoss 

Build Orders:  

Get SALT Encoding   

  12  0:10  Assimilator  
  12  0:41  Pylon  
  12  0:51  Assimilator  
  12  1:12  Gateway  
  12  1:30  Gateway  
  12  1:51  Nexus  
  12  2:07  Zealot  
  14  2:20  Cybernetics Core  
  14  2:31  Pylon  
  14  2:55  Probe (Chrono Boost)  
  15  3:05  Probe (Chrono Boost)  
  16  3:15  Probe (Chrono Boost)  
  17  3:33  Warp Gate  
  17  3:38  Adept  
  19  4:05  Adept  
  19  4:09  Assimilator  
  21  4:32  Adept  
  23  6:00  Sentry  
  19  8:21  Probe (Chrono Boost)  
  18  8:31  Probe (Chrono Boost)  
  19  8:41  Probe (Chrono Boost)  
  20  8:51  Probe (Chrono Boost)  
  21  9:00  Probe (Chrono Boost)  
  22  9:05  Robotics Facility  
  22  9:11  Sentry  
  22  9:13  Sentry  
  26  9:49  Probe (Chrono Boost)  
  27  9:59  Probe (Chrono Boost)  
  28  10:03  Observer  
  29  10:08  Mothership Core (Chrono Boost)  
  29  10:13  Adept  
  33  10:16  Adept  
  35  10:24  Immortal  
Show
View Real Time Build Order
Export as new Build Order

HzVee Terran - Winner!

Build Orders: MMM Bio 

Get SALT Encoding   

  12  0:04  SCV  
  13  0:18  Supply Depot, SCV  
  14  0:32  SCV  
  15  0:42  Barracks  
  15  0:44  SCV  
  16  0:59  SCV  
  16  1:03  Refinery  
  17  1:11  SCV  
  18  1:23  SCV  
  19  1:37  SCV  
  20  1:49  SCV  
  20  1:53  Marine  
  22  2:02  SCV  
  22  2:06  Refinery  
  23  2:08  Supply Depot  
  23  2:12  Supply Depot  
  23  2:15  Command Center  
  23  2:22  Barracks Tech Lab  
  23  2:43  Factory  
  23  3:11  SCV  
  24  3:14  Combat Shields  
  24  3:23  SCV  
  25  3:30  SCV  
  26  3:36  Orbital Command  
  26  3:42  SCV  
  26  3:43  Factory Reactor  
  26  3:47  Starport  
  27  3:50  Marine  
  27  3:55  SCV  
  29  4:00  Barracks  
  29  4:07  SCV, Marine  
  31  4:19  SCV  
  32  4:26  Marauder  
  32  4:31  SCV, Starport Reactor  
  35  4:45  Barracks  
  35  4:47  Marine  
  35  4:48  Barracks  
  35  4:50  Barracks Reactor  
  35  4:52  SCV  
  37  5:01  Refinery  
  37  5:04  SCV  
  37  5:05  Marauder  
  40  5:14  Armory  
  40  5:15  Widow Mine  
  40  5:16  SCV, Engineering Bay, Widow Mine  
  40  5:19  Medivac  
  40  5:21  Medivac  
  49  5:26  Marine  
  49  5:29  SCV  
  49  5:37  Barracks Reactor  
  49  5:41  SCV  
  49  5:42  Stimpack  
  50  5:44  Marine  
  51  5:51  Marine x2  
  51  5:53  SCV  
  54  6:11  Supply Depot  
  54  6:13  Supply Depot  
  54  6:24  Orbital Command  
  54  6:32  Marine x3  
  57  6:50  Marine x2  
  57  6:51  Marauder  
  61  7:08  Barracks Tech Lab  
  61  7:09  Marine x4  
  61  7:12  Marauder  
  67  7:17  Supply Depot  
  67  7:19  SCV  
  67  7:20  Supply Depot  
  68  7:26  Marine  
  68  7:27  Marine  
  70  7:38  SCV, Marine x2  
  70  7:39  Marauder  
  70  7:40  Supply Depot  
  70  7:41  Widow Mine x2  
  70  7:43  Concussive Shells  
  79  7:44  Marine x2  
  79  7:46  Medivac  
  79  7:47  Medivac  
  79  7:51  SCV  
  86  8:02  Marauder, Marine x5  
  86  8:03  SCV  
  94  8:14  Command Center  
  94  8:38  Marauder  
  94  8:48  Marine x2  
  94  9:07  Marine x2, Widow Mine  
  94  9:08  Marauder, Medivac x2  
  104  9:29  Marine  
  105  10:09  Marauder x2, Marine x4  
  113  10:17  Hellbat x2  
  117  10:26  Marine  
  117  10:27  Marine x3  
  121  10:31  Marauder x2  
  125  10:38  Hellbat x2  
  128  10:44  Marine x3  
  128  10:45  Marine  
  130  10:52  Marauder x2  
  134  10:59  Hellbat  
  134  11:00  Hellbat  
  134  11:02  Marine x3  
Tags
 
Add a new tag
Caveats
  • Supply blocks, unpowered buildings, or Contaminate may cause inaccurate times.
  • Supply counts are checked every 10 seconds.